 Dungeon Crawl Stone Soup version 0.26.0-45-g9c1d065592 (webtiles) character file.

Game seed: 14800412957828049098

540 Mattiprrivan the Cutter (level 7, -4/41 HPs)
             Began as a Deep Elf Chaos Knight on Jan 28, 2021.
             Was a Plaything of Xom.
             Slain by an iguana (7 damage)
             ... on level 4 of the Dungeon.
             The game lasted 00:42:31 (4258 turns).

Mattiprrivan the Cutter (Deep Elf Chaos Knight)     Turns: 4258, Time: 00:42:31

Health: -4/41      AC:  6    Str:  7 (9)  XL:     7   Next: 5%
Magic:  12/12      EV: 12    Int: 11 (17) God:    Xom [...*..]
Gold:   183        SH:  0    Dex: 11 (14) Spells: 2/10 levels left

rFire    . . .     SeeInvis .   a - +0 short sword (chaos)
rCold    . . .     Faith    .   (no shield)
rNeg     . . .     Spirit   .   b - +3 leather armour
rPois    .         Reflect  .   (no helmet)
rElec    .         Harm     .   (no cloak)
rCorr    +         Rampage  .   (no gloves)
Will     .....     Clarity  +   (no boots)
Stlth    ++........             o - amulet of regeneration
HPRegen  0.00/turn              c - ring of resist corrosion
MPRegen  0.13/turn              (no ring)

@: no status effects
A: clarity, deterioration 1, inhibited regeneration, weak 1
a: Renounce Religion


You were on level 4 of the Dungeon.
You worshipped Xom.
You were a favourite toy of Xom.
You visited 1 branch of the dungeon, and saw 4 of its levels.

You collected 183 gold pieces.

Inventory:

Hand Weapons
 a - a +0 short sword of chaos (weapon)
 l - a +0 falchion
Missiles
 e - 4 boomerangs
 h - a curare-tipped dart (quivered)
 j - 25 poisoned darts
 n - a javelin
Armour
 b - a +3 leather armour (worn)
 g - a +0 leather armour of cold resistance
Jewellery
 c - a ring of resist corrosion (left hand)
 o - an amulet of regeneration (around neck)
Wands
 k - a wand of paralysis (7)
Scrolls
 p - 2 scrolls of remove curse
 q - a scroll of identify
Potions
 d - a potion of brilliance
 f - a potion of resistance
 i - a potion of cancellation
 m - a potion of curing
 r - a potion of might


   Skills:
 * Level 3.2 Fighting
 * Level 4.6(4.9) Short Blades
 * Level 1.6(3.2) Long Blades
 * Level 1.6 Throwing
 * Level 2.0 Armour
 * Level 3.4 Dodging
 * Level 2.7 Stealth
 * Level 2.1 Spellcasting
 * Level 0.1 Conjurations
 * Level 1.3 Summonings
 * Level 0.1 Transmutations
 * Level 0.1 Air Magic
 * Level 0.4 Poison Magic
 * Level 1.5 Evocations


You had 2 spell levels left.
You knew the following spells:

 Your Spells              Type           Power        Failure   Level
a - Call Imp              Summ           4%           34%         2
b - Mephitic Cloud        Conj/Pois/Air  1%           75%         3
c - Spider Form           Tmut/Pois      0%           75%         3

Your spell library contained the following spells:

 Spells                   Type           Power        Failure   Level
 Beastly Appendage        Tmut           2%           36%         1
 Magic Dart               Conj           4%           36%         1
 Wereblood                Tmut           1%           52%         2
 Blink                    Tloc           N/A          54%         2
 Slow                     Hex            1%           54%         2
 Conjure Flame            Conj/Fire      1%           77%         3
 Ice Form                 Ice/Tmut       1%           99%         4
 Blade Hands              Tmut           0%           100%        5


Dungeon Overview and Level Annotations

Branches:
Dungeon (4/15)             Temple (0/1) D:4

Altars:
Kikubaaqudgha
Vehumet


Innate Abilities, Weirdness & Mutations

You possess an exceptional clarity of mind.
Your body sometimes deteriorates upon taking damage.
You do not regenerate when monsters are visible.
You are weak. (Str -2)


Message History

Aim: an iguana (wandering, hasn't noticed you, 60% to hit)
Your line of fire to the iguana is blocked by a plant.
Continue anyway?
Okay, then.
You hit the iguana but do no damage.
The iguana flickers and vanishes!
Deactivating autopickup; reactivate with Ctrl-A.
Something bites you.
You hit something. Something barely misses you.
You closely miss something. Something bites you.
You barely miss something. Something bites you!
Your body deteriorates!
You feel dopey.
You hit something. You barely miss something. Something bites you.
You closely miss something. Something bites you. Something bites you!
You hit something. Something bites you.
* * * LOW HITPOINT WARNING * * *
You miss something. Something bites you!
* * * LOW HITPOINT WARNING * * *
You hit something but do no damage. Something bites you!
You die...

....#.#...## ...........###
.............##
..............# *#### ****
#.............# *...###
*,,,
##...........####.....##
*,,,
###.............#......#*
*,,,
...........PPPP.........*
*,,,
..###.......P>.{@.......**
**,,, ###
##.....$P...........,*
*,,,, .#
##........P........,*
**,,,, .#*
###..#..#.........****,,,,,
..#*
#####...........**,,,,,,,
...#* ##..........,,***,,,,
....# #.........#*** **,,,
....#* #####..#### *,,,
,,,,,* *,,* *,,,


There were no monsters in sight!

Vanquished Creatures
  An ogre (D:4)
  A centaur (D:3)
  A scorpion (D:4)
  A bullfrog skeleton (D:4)
  An orc wizard (D:3)
  Natasha (D:2)
  A worker ant (D:4)
  3 gnolls (D:4)
  11 adders
  3 oozes
  An adder skeleton (D:3)
  2 worms
  3 dart slugs
  3 leopard geckos
  7 orcs (D:3)
  5 giant cockroaches
  3 goblins
  10 hobgoblins
  3 kobolds
  A quokka (D:4)
  6 bats
  3 frilled lizards
  5 rats
76 creatures vanquished.

Vanquished Creatures (collateral kills)
  4 orcs (D:3)
  A hobgoblin (D:3)
  A kobold (D:3)
  A frilled lizard (D:3)
7 creatures vanquished.

Grand Total: 83 creatures vanquished

Notes
Turn   | Place    | Note
-------+----------+-------------------------------------------
     0 | D:1      | Mattiprrivan the Deep Elf Chaos Knight began the quest for
                  | the Orb.
     0 | D:1      | Reached XP level 1. HP: 13/13 MP: 3/3
   252 | D:1      | XOM: potion effect (haste)
   258 | D:1      | Reached XP level 2. HP: 18/18 MP: 4/4
   287 | D:1      | XOM: silly message
   458 | D:1      | Reached skill level 1 in Armour
   610 | D:1      | Reached XP level 3. HP: 19/22 MP: 5/5
   679 | D:1      | XOM: silly message
  1414 | D:2      | Learned a level 2 spell: Call Imp
  1451 | D:2      | XOM: give mutations
  1451 | D:2      | Gained mutation: You do not regenerate when monsters are
                  | visible. [Xom's mischief]
  1451 | D:2      | Gained mutation: You are weak. (Str -2) [Xom's mischief]
  1451 | D:2      | Gained mutation: Scrolls take you a little longer to read.
                  | [Xom's mischief]
  1451 | D:2      | Gained mutation: You possess an exceptional clarity of
                  | mind. [Xom's mischief]
  1562 | D:2      | Noticed Natasha
  1566 | D:2      | Killed Natasha
  1567 | D:2      | Reached skill level 1 in Stealth
  1567 | D:2      | Reached XP level 4. HP: 27/27 MP: 6/6
  1614 | D:2      | Reached skill level 4 in Short Blades
  2059 | D:3      | XOM: polymorph orc -> giant cockroach
  2105 | D:3      | Reached skill level 1 in Long Blades
  2122 | D:3      | Reached skill level 1 in Spellcasting
  2275 | D:3      | XOM is BORED!
  2275 | D:3      | XOM: noise
  2438 | D:3      | Reached XP level 5. HP: 32/32 MP: 8/8
  2446 | D:3      | Noticed a centaur
  2459 | D:3      | Killed a centaur
  2471 | D:3      | Reached skill level 1 in Summonings
  2604 | D:3      | XOM: 10-stop teleportation journey
  2805 | D:3      | XOM: cast spell 'Call Canine Familiar'
  2814 | D:3      | Reached skill level 1 in Evocations
  2848 | D:3      | XOM: 1-stop teleportation journey
  2851 | D:3      | Reached XP level 6. HP: 19/37 MP: 10/10
  3062 | D:3      | XOM: give mutations
  3062 | D:3      | Lost mutation: Scrolls take you a little longer to read.
                  | [Xom's mischief]
  3062 | D:3      | Gained mutation: Your body sometimes deteriorates upon
                  | taking damage. [Xom's mischief]
  3538 | D:3      | XOM: snakes to sticks
  3710 | D:4      | Found an ancient bone altar of Kikubaaqudgha.
  3716 | D:4      | Found a radiant altar of Vehumet.
  3764 | D:4      | Reached skill level 1 in Throwing
  3908 | D:4      | XOM: scenery: summon butterflies
  4106 | D:4      | Learned a level 3 spell: Mephitic Cloud
  4110 | D:4      | Learned a level 3 spell: Spider Form
  4174 | D:4      | Reached XP level 7. HP: 41/41 MP: 12/12
  4196 | D:4      | XOM: stat loss: -1 Int (12/17)
  4238 | D:4      | Found a staircase to the Ecumenical Temple.
  4258 | D:4      | Slain by an iguana

Illustrated notes

Levels and vault maps discovered:
D:1:      noname_arrival_rooms_in_the_neighbourhood, layout_basic
D:2:      layout_loops_corners, minivault_23, uniq_natasha
D:3:      layout_basic
D:4:      layout_cave_pods, grunt_temple_overflow_open,
          minmay_temple_entry_overgrown, grunt_decor_fettered

Skill      XL: |  1  2  3  4  5  6 |
---------------+-------------------+-----
Armour         | 1 2 |  2.0
Stealth        | 1 2 |  2.7
Short Blades   | 4 |  4.6
Long Blades    | 1 |  1.6
Spellcasting   | 1 2 |  2.1
Fighting       | 3 |  3.2
Dodging        | 3 |  3.4
Summonings     | 1 |  1.3
Evocations     | 1 |  1.5
Throwing       | 1 |  1.6
Conjurations   | |  0.1
Transmutations | |  0.1
Air Magic      | |  0.1
Poison Magic   | |  0.4

Action                   |  1- 3 |  4- 6 |  7- 9 || total
-------------------------+-------+-------+-------++-------
Melee: Short sword       |   101 |   136 |    10 ||   247
Throw: Dart              |     6 |    43 |     1 ||    50
 Cast: Call Imp          |       |     5 |       ||     5
Evoke: Wand              |       |     2 |       ||     2
  Use: Potion            |     5 |     9 |       ||    14
       Scroll            |     5 |     8 |       ||    13
 Stab: Paralysed         |       |     6 |       ||     6
       Sleeping          |       |     2 |       ||     2
Armor: Leather armour    |    24 |    47 |       ||    71
Dodge: Dodged            |    53 |    79 |     1 ||   133
